 Dungeon Crawl Stone Soup version 0.31-a0-321-g19405a7a6a (webtiles) character file.

Game seed: 6525073539766791338

998 Shard1697 the Caller (level 8, -3/57 HPs)
             Began as a Pale Draconian Ice Elementalist on July 17, 2023.
             Slain by a gnoll bouda
             ... wielding a +0 halberd
              (10 damage)
             ... in a bailey.
             The game lasted 00:08:00 (3180 turns).

Shard1697 the Caller (DrIE)                         Turns: 3180, Time: 00:08:00

Health: -3/57      AC:  7    Str: 11    XL:     8   Next: 0%
Magic:  3/14       EV: 12    Int: 18    God:
Gold:   158        SH:  5    Dex: 17    Spells: 4/15 levels left

rFire   . . .        a - +0 long sword (elec)
rCold   . . .        (no shield)
rNeg    . . .        (body armour unavailable)
rPois   .            (helmet restricted)
rElec   .            (no cloak)
rCorr   +            (no gloves)
SInv    .            j - +0 pair of boots
Will    .....        p - amulet of reflection
Stlth   ++           k - ring of resist corrosion
HPRegen 0.29/turn    n - +6 ring of dexterity
MPRegen 0.14/turn

%: reflection
@: hasted, very quick
A: breathe steam, AC +6, unfitting armour, cold-blooded, steam resistance
a: Breathe Steam


You were in a bailey.
You visited 1 branch of the dungeon, and saw 5 of its levels.
You also visited: Bailey.

You collected 158 gold pieces.

Inventory:

Hand Weapons
 a - a +0 long sword of electrocution (weapon)
Armour
 j - a +0 pair of boots (worn)
Jewellery
 k - a ring of resist corrosion (left hand)
 n - a +6 ring of dexterity (right hand)
 p - an amulet of reflection (around neck)
Wands
 l - a wand of roots (6)
Scrolls
 d - a scroll of amnesia {unknown}
 e - 2 scrolls of blinking
 g - a scroll of identify
 i - a scroll of fear
Potions
 b - 2 potions of haste
 c - a potion of cancellation
 m - a potion of magic


   Skills:
 - Level 1.7 Dodging
 - Level 1.7 Stealth
 + Level 4.2 Spellcasting
 + Level 6.7 Summonings
 + Level 6.0 Ice Magic


You had 4 spell levels left.
You knew the following spells:

 Your Spells              Type           Power      Damage    Failure   Level
a - Freeze                Ice            100%       1d10      1%          1
b - Frozen Ramparts       Ice            50%        1d8       3%          3
c - Ozocubu's Armour      Ice            25%        N/A       3%          3
t - Summon Ice Beast      Ice/Summ       26%        N/A       11%         4

Your spell library contained the following spells:

 Spells                   Type           Power      Damage    Failure   Level


Dungeon Overview and Level Annotations

Branches:
Dungeon (7/15)             Bailey (1/1)
 Temple: D:4-7

Altars:
Cheibriados

Shops:
D:1 =[   D:2 (


Innate Abilities, Weirdness & Mutations

You can breathe blasts of scalding, opaque steam.
Your pale cyan-grey scales are hard. (AC +6)
You cannot fit into any form of body armour.
You are cold-blooded and may be slowed by cold attacks.
You are immune to the effects of steam.


Message History

The gnoll sergeant hits you from afar with a +0 halberd.
* * * LOW HITPOINT WARNING * * *
Your ice beast hits the gnoll bouda but does no damage.
You feel better.
The gnoll bouda calls upon its god to heal the gnoll sergeant.
The gnoll sergeant is healed somewhat.
The gnoll sergeant misses you.
Your ice beast closely misses the gnoll bouda.
The gnoll sergeant hits you with a +0 halberd.
Things that are here:
a +0 spear; a +0 chain mail; a gnoll corpse You hit the gnoll sergeant but do no damage.
Your tail-slap misses the gnoll sergeant.
The gnoll sergeant is moderately wounded.
Your attacks no longer feel as feeble.
You hit the gnoll sergeant.
Lightning courses through the gnoll sergeant!
You tail-slap the gnoll sergeant, but do no damage.
The gnoll sergeant is severely wounded.
The gnoll bouda calls upon its god to heal the gnoll sergeant.
The gnoll sergeant is healed somewhat.
The gnoll sergeant barely misses you.
Your ice beast hits the gnoll bouda but does no damage.
You hit the gnoll sergeant but do no damage.
The gnoll sergeant is heavily wounded.
The gnoll sergeant misses you.
You hit the gnoll sergeant but do no damage.
The gnoll sergeant is heavily wounded.
The gnoll bouda hits you from afar with a +0 halberd!
* * * LOW HITPOINT WARNING * * *
The gnoll sergeant hits you with a +0 halberd!
* * * LOW HITPOINT WARNING * * *
Your ice beast hits the gnoll bouda but does no damage.
You barely miss the gnoll sergeant.
The gnoll sergeant is heavily wounded.
The gnoll bouda calls upon its god to heal the gnoll sergeant.
The gnoll sergeant is healed somewhat.
The gnoll sergeant misses you.
You hit the gnoll sergeant.
The gnoll sergeant is moderately wounded.
Your ice beast closely misses the gnoll bouda.
The gnoll bouda hits you from afar with a +0 halberd!
You die...

..≈≈♣♣ #..≈.♣ #..≈.♣♣
#..≈..♣♣ ### #..≈...♣
#... #..≈...♣ .....
#####..≈...♣♣
..$...#)..'....)†.♣♣♣#
..8...).).'.Yg.@†∩..∩#
..$...#...'....g..♣♣♣#
.....######..≈...♣♣
#...# #..≈..♣♣ ####
#..≈..♣ #..≈..♣
#..≈.♣♣ #..≈.♣
#...≈≈♣♣


You could see a gnoll sergeant (swift), a gnoll bouda (ally target) and a
friendly ice beast (summoned).

Vanquished Creatures
  Pikel (D:7)
  A phantom (D:4)
  A gnoll sergeant (Bailey)
  A hound (Bailey)
  2 orc priests (D:3)
  Ijyb (D:3)
  An orc wizard (D:4)
  Robin (D:3)
  3 gnolls
  5 adders
  A worm (D:3)
  3 dart slugs
  8 orcs
  5 bats
  8 endoplasms
  2 giant cockroaches
  15 goblins
  14 hobgoblins
  7 jackals (D:1)
  7 kobolds
  6 quokkas
  2 ball pythons
  4 frilled lizards
  4 rats
103 creatures vanquished.

Vanquished Creatures (collateral kills)
  A hound (Bailey)
  3 gnolls (Bailey)
4 creatures vanquished.

Grand Total: 107 creatures vanquished

Notes
Turn   | Place    | Note
-------+----------+-------------------------------------------
     0 | D:1      | Shard1697 the Draconian Ice Elementalist began the quest
                  | for the Orb.
     0 | D:1      | Reached XP level 1. HP: 14/14 MP: 3/3
     9 | D:1      | Upgraded the game from 0.31-a0-319-g4fced400ed to
                  | 0.31-a0-321-g19405a7a6a
   112 | D:1      | Reached XP level 2. HP: 20/20 MP: 3/5
   198 | D:1      | Found Bacleghe's Jewellery Boutique.
   232 | D:1      | Found Xikhehec's Armour Shop.
   403 | D:1      | Reached XP level 3. HP: 26/26 MP: 7/7
   576 | D:1      | Learned a level 3 spell: Frozen Ramparts
   580 | D:1      | Learned a level 3 spell: Ozocubu's Armour
   920 | D:2      | Found Uzoulaop's Weapon Shop.
  1259 | D:2      | Reached XP level 4. HP: 33/33 MP: 8/8
  1519 | D:3      | Noticed Robin
  1587 | D:3      | Reached skill level 5 in Ice Magic
  1655 | D:3      | Noticed Ijyb
  1783 | D:3      | Killed Ijyb
  1784 | D:3      | Reached XP level 5. HP: 23/38 MP: 2/10
  1910 | D:3      | Killed Robin
  2014 | D:3      | Learned a level 4 spell: Summon Ice Beast
  2203 | D:3      | Reached skill level 1 in Summonings
  2251 | D:3      | Found a faded altar of an unknown god.
  2795 | D:4      | Found a snail-covered altar of Cheibriados.
  2797 | D:4      | Noticed a phantom
  2807 | D:4      | Killed a phantom
  2808 | D:4      | Reached XP level 6. HP: 39/45 MP: 12/12
  2950 | D:4      | You fall into a shaft and drop 3 floors!
  2958 | D:7      | Noticed Pikel
  2986 | D:7      | Killed Pikel
  2987 | D:7      | Your scales start taking on a pale cyan-grey colour.
  2987 | D:7      | Reached XP level 7. HP: 37/50 MP: 8/13
  2987 | D:7      | Gained mutation: You are immune to the effects of steam.
                  | [Pale Draconian growth]
  3032 | D:7      | Found a flagged portal.
  3042 | Bailey   | Entered a bailey
  3171 | Bailey   | Reached XP level 8. HP: 20/57 MP: 2/14
  3180 | Bailey   | Slain by a gnoll bouda

Illustrated notes

Levels and vault maps discovered:
D:1:      lightli_arrival_boilingwater, layout_rooms, serial_shops, shop, shop
D:2:      layout_basic, serial_shops, nicolae_shop_just_a_little_nook,
          minmay_liquid_box
D:3:      minmay_wonky_spiral, layout_loops_ring,
          chequers_ecumenical_altar_simple_redux, uniq_robin, uniq_ijyb
D:4:      layout_basic, lemuel_crystal_altar
D:7:      layout_basic, enter_bailey_5, uniq_pikel, uniq_prince_ribbit1
Bailey:   bailey_polearm_gnolls_kennysheep, bailey

Skill      XL: |  1  2  3  4  5  6  7 |
---------------+----------------------+-----
Spellcasting   | 3 4 |  4.2
Ice Magic      | 5 6 |  6.0
Summonings     | 2 6 |  6.7
Dodging        | |  1.7
Stealth        | |  1.7

Action                     |  1- 3 |  4- 6 |  7- 9 || total
---------------------------+-------+-------+-------++-------
  Melee: Unarmed           |     3 |       |       ||     3
         Tailslap          |    22 |    11 |     2 ||    35
         Spear             |   133 |    24 |       ||   157
         Punch             |     1 |     2 |       ||     3
         Long sword        |       |    93 |    22 ||   115
   Cast: Freeze            |    14 |    17 |       ||    31
         Frozen Ramparts   |       |     7 |     3 ||    10
         Ozocubu's Armour  |       |     1 |     1 ||     2
         Summon Ice Beast  |       |       |     3 ||     3
  Evoke: Wand              |       |     1 |       ||     1
    Use: Scroll            |       |     9 |       ||     9
         Potion            |       |     1 |     3 ||     4
   Stab: Sleeping          |     4 |     4 |       ||     8
         Distracted        |       |       |     1 ||     1
 Armour: Skin              |    34 |    38 |     4 ||    76
  Dodge: Dodged            |    79 |    93 |    31 ||   203
  Block: Other             |       |       |    10 ||    10

Table legend: (Time is in decaauts)
 A = Elapsed time spent in this place.
 B = Non-inter-level travel time spent in this place.
 C = Inter-level travel time spent in this place.
 D = Time resting spent in this place.
 E = Time spent auto-exploring this place.
 F = Levels seen in this place.
 G = Mean time per level.
                   A        B        C        D        E       F      G
               +--------+--------+--------+--------+--------+-----+--------+
         Total |   3244 |   3023 |    221 |    265 |   1801 |   6 |  540.7 |
       Dungeon |   3102 |   2881 |    221 |    265 |   1719 |   5 |  620.4 |
        Bailey |    141 |    141 |      0 |      0 |     82 |   1 |  141.0 |
               +--------+--------+--------+--------+--------+-----+--------+

Top non-repeatable levels by time:
     D:2: 1074 daAuts
     D:3: 928 daAuts
     D:1: 651 daAuts
     D:4: 349 daAuts
  Bailey: 141 daAuts
     D:7: 99 daAuts
